 Dungeon Crawl Stone Soup version 0.30-a0-859-gf88a04b62d (webtiles) character file.

Game seed: 3820953114797391334

10311304 Datul the Cryomancer (level 27, 212/212 (213) HPs)
             Began as a Demonspawn Venom Mage on Mar 3, 2023.
             Was the Champion of Vehumet.
             Escaped with the Orb
             ... and 10 runes on Mar 6, 2023!
             The game lasted 08:29:22 (68772 turns).

Datul the Cryomancer (Demonspawn Venom Mage)       Turns: 68772, Time: 08:29:23

HP:   212/212 (213) AC: 19    Str: 10    XL:     27
MP:   44/49         EV: 14    Int: 40    God:    Vehumet [******]
Gold: 9582          SH: 17    Dex: 15    Spells: 11/70 levels left

rFire   + + +      SeeInvis +    a - +9 long sword "Hellblazer" {heavy, rElec rF+ Stlth+}
rCold   + + +      Faith    .    m - +5 kite shield {reflect}
rNeg    + + +      Spirit   .    X - +2 robe {Archmagi}
rPois   ∞          Reflect  +    V - +2 helmet {SInv}
rElec   +          Rampage  .    B - scarf {rC+ rF+}
rCorr   .          Archmagi +    (gloves unavailable)
Will    +++..                    g - +1 pair of boots {Fly}
Stlth   +                        D - amulet of magic regeneration
HPRegen 2.55/turn                i - +6 ring of intelligence
MPRegen 0.71/turn                H - ring "Nuixyg Tuku" {rElec rF+ Int+6}

@: lich-form (expiring), flying, studying 4 skills, lightly drained
A: draining attack, torment immunity, no potions, claws 3, icy blue scales 3,
powered by death 3, augmentation 3, demonic magic 3
0: Orb of Zot
}: 10/15 runes: barnacled, slimy, silver, abyssal, demonic, glowing, magical,
fiery, dark, gossamer
a: End Transformation, Renounce Religion


You escaped.
You worshipped Vehumet.
Vehumet was exalted by your worship.
You were an undead lich.
You visited 15 branches of the dungeon, and saw 65 of its levels.
You visited Pandemonium 2 times, and saw 13 of its levels.
You visited the Abyss 2 times.
You visited 1 bazaar.
You also visited: Trove, Ice Cave and Wizlab.

You collected 12751 gold pieces.
You spent 3169 gold pieces at shops.

Inventory:

Hand Weapons
 a - the +9 long sword "Hellblazer" (weapon) {heavy, rElec rF+ Stlth+}
   (You found it on level 12 of the Dungeon)

   rF:        It protects you from fire.
   rElec:     It insulates you from electricity.
   Stlth:     It makes you more stealthy.
 j - a +9 demon whip of electrocution
Armour
 d - the +1 helmet of Tomorrow {Rampage *Corrode Int+6 Stlth+}
   (You found it in a treasure trove)

   Int:       It affects your intelligence (+6).
   *Corrode:  It may corrode you when you take damage.
   Rampage:   It bestows one free step when moving towards enemies.
   Stlth:     It makes you more stealthy.
 g - a +1 pair of boots of flying (worn)
 m - a +5 kite shield of reflection (worn)
 B - a scarf of resistance (worn)
 V - a +2 helmet of see invisible (worn)
 X - a +2 robe of the Archmagi (worn)
Magical Staves
 b - a staff of fire
Jewellery
 h - the ring of Bekluxur {rPois rF++ Str+4 Stlth+}
   (You took it off a deep elf demonologist on level 3 of the Elven Halls)

   [ring of poison resistance]

   Str:       It affects your strength (+4).
   rF:        It greatly protects you from fire.
   rPois:     It protects you from poison.
   Stlth:     It makes you more stealthy.
 i - a +6 ring of intelligence (left claw)
 w - the ring "Semietep" {rPois MP+9 Str+5}
   (You acquired it on level 3 of the Elven Halls)

   [ring of magical power]

   Str:       It affects your strength (+5).
   rPois:     It protects you from poison.
   MP:        It affects your magic capacity (+9).
 A - the ring "Sieherph" {Will+ EV+5}
   (You found it on level 2 of the Crypt)

   [ring of evasion]

   EV:        It affects your evasion (+5).
   Will:      It increases your willpower.
 D - an amulet of magic regeneration (around neck)
 H - the ring "Nuixyg Tuku" (right claw) {rElec rF+ Int+6}
   (You found it in Pandemonium)

   [ring of intelligence]

   Int:       It affects your intelligence (+6).
   rF:        It protects you from fire.
   rElec:     It insulates you from electricity.
 R - the ring of Niryst {Contam rF+ rCorr MP+9}
   (You found it on level 2 of the Crypt)

   [ring of resist corrosion]

   rF:        It protects you from fire.
   MP:        It affects your magic capacity (+9).
   Contam:    It causes magical contamination when unequipped.
   rCorr:     It protects you from acid and corrosion.
 Z - the ring of Wuon {Wiz rF+}
   (You took it off a deep elf blademaster on level 3 of the Elven Halls)

   [ring of wizardry]

   It improves your spell success rate.
   rF:        It protects you from fire.
Wands
 v - a wand of quicksilver (39)
 x - a wand of digging (10)
 y - a wand of iceblast (43)
 N - a wand of paralysis (53)
 T - a wand of flame (68)
Scrolls
 c - 8 scrolls of poison
 p - 9 scrolls of fear
 q - 7 scrolls of magic mapping
 s - 9 scrolls of fog
 t - 5 scrolls of vulnerability
 z - 3 scrolls of enchant armour
 E - 12 scrolls of teleportation
 K - 9 scrolls of immolation
 M - a scroll of summoning
 Q - 13 scrolls of enchant weapon
 U - 3 scrolls of blinking
 W - 2 scrolls of torment
Potions
 e - a potion of cancellation
 f - 8 potions of ambrosia
 k - 31 potions of curing
 l - 8 potions of heal wounds
 o - 2 potions of invisibility
 r - a potion of magic
 u - 9 potions of brilliance
 F - 2 potions of haste
 I - 10 potions of mutation
 L - 6 potions of flight
 O - 11 potions of lignification
 Y - 2 potions of resistance
Miscellaneous
 n - a phial of floods
 C - a phantom mirror
 G - a condenser vane
 J - a box of beasts
 P - a lightning rod (4/4)


   Skills:
 - Level 16.7 Fighting
 - Level 7.0 Dodging
 - Level 1.7 Stealth
 - Level 12.0 Shields
 + Level 22.0 Spellcasting
 - Level 22.1 Conjurations
 - Level 19.1 Necromancy
 - Level 17.7 Transmutations
 - Level 22.4 Fire Magic
 - Level 23.7 Ice Magic
 + Level 14.1 Earth Magic
 - Level 8.3 Poison Magic


You had 11 spell levels left.
You knew the following spells:

 Your Spells              Type           Power      Damage    Failure   Level
a - Apportation           Tloc           100%       N/A       1%          1
b - Iskenderun's Battles  Conj           100%       2d15      0%          5
d - Sting                 Tmut/Pois      100%       1d8       0%          1
e - Iskenderun's Mystic   Conj/Tloc      100%       2d19      1%          4
f - Fireball              Conj/Fire      99%        3d36      0%          5
i - Ignition              Fire           99%        3d25      1%          8
m - Mephitic Cloud        Conj/Pois/Air  100%       N/A       1%          3
F - Fire Storm            Conj/Fire      99%        8d25      3%          9
I - Iron Shot             Conj/Erth      93%        9d17      1%          6
N - Necromutation         Tmut/Necr      100%       N/A       3%          8
V - Polar Vortex          Ice            100%       N/A       1%          9

Your spell library contained the following spells:

 Spells                   Type           Power      Damage    Failure   Level
 Beastly Appendage        Tmut           100%       N/A       0%          1
 Foxfire                  Conj/Fire      100%       2x1d9     0%          1
 Magic Dart               Conj           100%       1d8       0%          1
 Necrotise                Necr           100%       1d9       0%          1
 Sandblast                Erth           100%       2d20      0%          1
 Shock                    Conj/Air       100%       1d9       0%          1
 Ensorcelled Hibernation  Hex/Ice        100%       N/A       0%          2
 Momentum Strike          Conj/Tloc      100%       3d10      0%          2
 Passwall                 Tmut/Erth      100%       N/A       0%          2
 Scorch                   Fire           100%       2d10      0%          2
 Static Discharge         Conj/Air       100%       2-7/arc   0%          2
 Sublimation of Blood     Necr           100%       N/A       0%          2
 Wereblood                Tmut           100%       N/A       0%          2
 Frozen Ramparts          Ice            100%       1d16      0%          3
 Hailstorm                Conj/Ice       100%       3d20      0%          3
 Ignite Poison            Fire/Tmut/Pois 100%       N/A       0%          3
 Spider Form              Tmut/Pois      100%       N/A       0%          3
 Stone Arrow              Conj/Erth      100%       3d13      0%          3
 Vampiric Draining        Necr           100%       2d13      0%          3
 Animate Dead             Necr           100%       N/A       0%          4
 Dispel Undead            Necr           100%       3d31      0%          4
 Flame Wave               Conj/Fire      100%       2d21      0%          4
 Ice Form                 Ice/Tmut       100%       N/A       0%          4
 Petrify                  Tmut/Erth      100%       N/A       0%          4
 Sticky Flame             Conj/Fire      100%       2d11      0%          4
 Agony                    Necr           100%       N/A       0%          5
 Irradiate                Conj/Tmut      96%        3d43      0%          5
 Starburst                Conj/Fire      99%        6d25      0%          6
 Slow                     Hex            100%       N/A       1%          1
 Summon Small Mammal      Summ           100%       N/A       1%          1
 Blink                    Tloc           100%       N/A       1%          2
 Call Imp                 Summ           98%        N/A       1%          2
 Cigotuvi's Dreadful Rot  Necr/Pois/Air  100%       N/A       1%          2
 Lesser Beckoning         Tloc           100%       N/A       1%          2
 Poisonous Vapours        Pois/Air       100%       N/A       1%          2
 Dazzling Flash           Conj/Hex       100%       N/A       1%          3
 Inner Flame              Hex/Fire       100%       N/A       1%          3
 Kindle Blastsparks       Fire/Tloc/Air  100%       2d18      1%          3
 Anguish                  Hex/Necr       92%        N/A       1%          4
 Animate Armour           Summ/Erth      100%       N/A       1%          4
 Leda's Liquefaction      Hex/Erth       73%        N/A       1%          4
 Olgreb's Toxic Radiance  Pois           100%       N/A       1%          4
 Summon Ice Beast         Ice/Summ       100%       N/A       1%          4
 Arcjolt                  Conj/Air       82%        1d92      1%          5
 Blade Hands              Tmut           93%        N/A       1%          5
 Borgnjor's Vile Clutch   Necr/Erth      100%       N/A       1%          5
 Freezing Cloud           Conj/Ice/Air   89%        6-21      1%          5
 Lightning Bolt           Conj/Air       82%        1d109     1%          5
 Yara's Violent Unravell  Hex/Tmut       77%        3d28      1%          5
 Conjure Ball Lightning   Conj/Air       82%        3x3d31    1%          6
 Death Channel            Necr           100%       N/A       1%          6
 Eringya's Noxious Bog    Tmut/Pois      85%        N/A       1%          6
 Simulacrum               Ice/Necr       100%       N/A       1%          6
 Dragon Form              Tmut           93%        N/A       1%          7
 Orb of Destruction       Conj           99%        9d21      1%          7
 Spellforged Servitor     Conj/Summ      82%        N/A       2%          7
 Borgnjor's Revivificati  Necr           100%       N/A       2%          8
 Infestation              Necr           100%       N/A       2%          8
 Call Canine Familiar     Summ           98%        N/A       3%          3
 Confusing Touch          Hex            98%        N/A       3%          3
 Gell's Gravitas          Tloc           98%        N/A       3%          3
 Portal Projectile        Hex/Tloc       100%       N/A       3%          3
 Summon Guardian Golem    Hex/Summ       98%        N/A       3%          3
 Swiftness                Air            98%        N/A       3%          3
 Teleport Other           Tloc           98%        N/A       3%          3
 Tukima's Dance           Hex            98%        N/A       3%          3
 Vhi's Electric Charge    Tloc/Air       100%       N/A       3%          3
 Airstrike                Air            49%        2d(7-23)  3%          4
 Cause Fear               Hex            49%        N/A       11%         4
 Manifold Assault         Tloc           98%        N/A       11%         4
 Passage of Golubria      Tloc           98%        N/A       11%         4
 Summon Lightning Spire   Summ/Air       98%        N/A       11%         4
 Haunt                    Necr/Summ      92%        N/A       19%         7
 Storm Form               Tmut/Air       77%        N/A       24%         7
 Summon Forest            Summ/Tloc      49%        N/A       28%         5
 Death's Door             Necr           100%       N/A       38%         9
 Shatter                  Erth           87%        3d63*     58%         9
 Dispersal                Tloc           49%        N/A       85%         6
 Summon Cactus Giant      Summ           49%        N/A       85%         6
 Chain Lightning          Conj/Air       82%        3d109     94%         9
 Enfeeble                 Hex            49%        N/A       100%        7
 Summon Hydra             Summ           49%        N/A       100%        7
 Discord                  Hex            49%        N/A       100%        8
 Disjunction              Tloc           49%        N/A       100%        8
 Maxwell's Capacitive Co  Air            49%        ∞         100%        8


Dungeon Overview and Level Annotations

Branches:
Dungeon (15/15)            Temple (1/1) D:7            Lair (5/5) D:11
 Shoals (4/4) Lair:2       Spider (4/4) Lair:3        Slime (5/5) Lair:4
    Orc (2/2) D:10            Elf (3/3) Orc:2        Vaults (5/5) D:14
  Crypt (3/3) Vaults:2       Tomb (1/3) Crypt:3      Depths (4/4) D:15
   Hell (visited)             Dis (0/7) Hell            Geh (7/7) Hell
    Coc (0/7) Hell            Tar (0/7) Hell            Zot (5/5) Depths:4
  IceCv (visited)          WizLab (visited)

Altars:
Ashenzari
Cheibriados
Dithmenos
Fedhas
Gozag
Hepliaklqana
Kikubaaqudgha
Makhleb
Nemelex Xobeh
Okawaru
Qazlal
Ru
Sif Muna
Trog
Uskayaw
Vehumet
Wu Jian
Xom
Yredelemnul
Jiyva

Shops:
D:6 [   D:8 =   Orc:1 [   Orc:2 ?(*:*   Elf:1 [   Elf:2 :   Shoals:1 *
Shoals:3 **((   Vaults:1 :

Portals:
Hell: Depths:1 Depths:2 Depths:3 Depths:4
Abyss: Depths:2 Depths:3
Pandemonium: Orc:2 Depths:2
Ziggurat: Depths:2

Annotations:
Elf:2 3 runed translucent doors
Depths:4 5 runed translucent doors


Innate Abilities, Weirdness & Mutations

You are an undead lich.
Your unarmed attacks are suffused with negative energy.
You are immune to unholy pain and torment.
Your necromantic spells are more powerful.
You cannot drink.
You are immune to poison.
You have claws for hands.
You are completely covered in icy blue scales. (AC +4, rC+)
You regenerate a lot of health from kills.
Your magical and physical power is greatly enhanced at high health.
Spells you cast and wands you use may paralyse nearby enemies.


Message History

Health restored: 211; MP restored: 49 You feel a surge of power!
The iron shot hits the soul eater!!!!
You kill the soul eater!
Vehumet accepts your kill.
You feel your power returning. Malevolent energies surge around you.
You now have 45/49 mp.
(D) Dungeon (T) Temple (L) Lair (A) Shoals (N) Spider Nest (M) Slime Pits (O) Orcish Mines (E) Elven Halls (V) Vaults (C) Crypt (W) Tomb (U) Depths (H) Hell (I) Dis (G) Gehenna (X) Cocytus (Y) Tartarus (Z) Zot
Where to? (Enter - D:1 @ (x,y), ? - help) Magic restored.
An Ohaap and a rust devil come into view.
MP restored: 49
Casting: Iron Shot (safe; 1% risk of failure)
Confirm with . or Enter, or press ? or * to list all spells.
Aiming: Fire Storm (dangerous; 3% risk of failure)
Press: ? - help, Dir - move target, f - Ohaap
Aim: Ohaap You feel a surge of power!
A raging storm of fire appears!
The great blast of fire engulfs Ohaap!!!
Ohaap partially resists.
Ohaap is heavily wounded.
The great blast of fire engulfs the rust devil!!!
The rust devil partially resists.
You kill the rust devil!
Vehumet accepts your kill.
You feel your power returning. Vehumet accepts your kill.
You feel a bit more experienced. Malevolent energies surge around you.
You now have 42/49 mp.
Unknown command.
Press: ? - help, v - describe, . - travel
Here: Ohaap (flame, heavily wounded)
The floor.
Unknown command.
Blink to where?
Press: ? - help, Dir - move target, p - Ohaap
As you read the scroll of blinking, it crumbles to dust.
Health restored: 212 Your transformation is almost over.
There is a staircase leading out of the dungeon here.
You have escaped!

####.###.#### ####.......
#...........# ##.vv&..
#.#.########## #......
###.#.####.....# #####......
#...###.....⌠..# ##..........
#.####.........###...........
#.###....#......#.#..........
#......###........#........(.
###.##..## #..L..#............#
#...###..###........#..........
#.### #....#......#.###.#######
#.# ##.........#### #..## # #.#
##.....⌠..#.#####..### #.#
####.....#..........### #.#
#############......) #.# ####
######## #.######..# #


There were no monsters in sight!

Vanquished Creatures
  Cerebov (Pan)
  6 pandemonium lords (Pan)
  the Royal Jelly (Slime:5)
  Gloorx Vloq (Pan)
  Ignacio (Pan)
  Mnoleg (Pan)
  Lom Lobon (Pan)
  4 dread liches
  5 ancient liches
  6 orbs of fire
  3 juggernauts (Depths:2)
  Mennas (Pan)
  Boris (Crypt:1)
  2 royal mummies (Tomb:1)
  Bai Suzhen (Crypt:1)
  Saint Roka (Elf:3)
  9 Killer Klowns
  5 caustic shrikes
  10 golden dragons
  Geryon (Hell)
  A curse toe (Zot:1)
  A profane servitor (Abyss:3)
  5 bone dragons
  2 doom hounds (Crypt:3)
  8 hellephants
  2 Tzitzimimeh
  9 Brimstone Fiends
  15 tentacled monstrosities
  4 electric golems
  6 Hell Sentinels
  Jorgrun (Shoals:1)
  An Ice Fiend (Pan)
  A walking earthen tome (WizLab)
  24 Orb Guardians
  A tainted leviathan (Hell)
  3 deep elf master archers (Elf:3)
  8 liches
  Grunn (Crypt:3)
  15 acid blobs
  A walking frostbound tome (WizLab)
  4 deep elf blademasters (Elf:3)
  32 searing wretches
  12 ancient champions
  25 Executioners
  6 tentacled starspawn (Abyss:3)
  8 death cobs
  8 titans
  6 quicksilver dragons
  14 sphinxes
  9 shadow dragons
  A strange machine (WizLab)
  Donald (Spider:1)
  2 revenants
  4 demonspawn warmongers (Pan)
  8 tengu reavers
  16 storm dragons
  19 fire giants
  7 draconian monks
  8 azure jellies
  9 frost giants
  7 deep elf sorcerers
  6 rockslimes
  4 ghouls (Crypt:3)
  6 draconian knights
  Aizul (Shoals:2)
  4 draconian shifters
  18 ghost moths
  A juggernaut zombie (Crypt:2)
  3 draconian scorchers
  44 balrugs
  12 emperor scorpions
  4 iron dragons
  2 spriggan defenders (Depths:3)
  A demonspawn corrupter (Pan)
  7 curse skulls
  16 very ugly things
  19 ironbound preservers
  14 cacodemons
  10 vault wardens
  6 war gargoyles
  10 ironbound thunderhulks
  17 reapers
  7 demonspawn blood saints (Pan)
  7 quicksilver oozes (Slime:5)
  2 caustic shrike skeletons
  3 broodmothers
  A quicksilver ooze (shapeshifter) (Vaults:1)
  The ghost of garrulousMonolith the Spear-Bearer, a journeyman DsGl of Yredelemnul (Lair:5)
  4 draconian stormcallers
  5 draconian annihilators
  7 deep elf elementalists (Elf:3)
  12 stone giants
  9 vampire knights
  9 red draconians
  11 green draconians
  3 putrid mouths (Hell)
  6 bennus (Tomb:1)
  6 deep elf demonologists
  The ghost of jasper the Cleaver, a journeyman DsFi of Okawaru (Lair:5)
  6 deep elf annihilators
  11 lorocyprocas (Pan)
  5 demonspawn black suns (Pan)
  12 spark wasps
  18 white draconians
  4 dire elephants (Vaults:3)
  7 black draconians
  13 yellow draconians
  A bunyip (shapeshifter) (Vaults:1)
  10 purple draconians
  6 eidola
  8 deep elf death magi
  3 merfolk javelineers (Shoals:4)
  A crystal guardian (Vaults:2)
  11 ettins
  6 merfolk impalers
  8 green deaths
  3 jiangshi (Crypt:3)
  11 yaktaur captains
  9 blizzard demons
  7 deep elf high priests
  9 entropy weavers
  7 great orbs of eyes
  8 fire dragons
  9 mummy priests (Tomb:1)
  16 rakshasas
  Josephine (Orc:1)
  8 hydras
  36 vault guards
  Erolcha (Orc:2)
  2 quicksilver dragon skeletons
  4 spriggan air magi
  5 hell beasts
  2 peacekeepers (Vaults:2)
  3 radroaches
  2 caustic shrike simulacra (IceCv)
  6 ice dragons
  3 demonspawn (Orc:2)
  A hydra (shapeshifter) (Depths:2)
  2 ogre magi (Vaults:5)
  7 boulder beetles
  6 salamander tyrants
  5 jorogumos
  7 ironbound frosthearts
  2 merfolk aquamancers (Shoals:4)
  4 spriggan skeletons (Crypt:3)
  2 fenstrider witch skeletons
  3 merfolk avatars (Shoals:4)
  15 stokers
  17 dancing weapons
  8 death yaks (Lair:5)
  10 centaur warriors
  5 two-headed ogres
  6 deep troll shamans
  An azure jelly zombie (Crypt:3)
  4 alligator snapping turtles
  2 tengu warriors
  A thrashing horror (Abyss:3)
  8 vampire magi
  6 deep troll earth magi
  31 hell hogs
  3 skysharks
  5 orc high priests
  3 spriggan berserkers
  29 soul eaters
  55 sun demons
  A titan skeleton (Depths:2)
  2 spriggans (Depths:4)
  11 hell knights
  10 deep elf knights
  5 iron trolls
  5 wretched stars
  29 sixfirhies
  4 pharaoh ants
  2 salamander mystics (Depths:4)
  2 spatial maelstroms
  7 glowing orange brains
  Nergalle (D:11)
  64 skeletal warriors
  12 shadow wraiths
  2 flayed ghosts
  An orb spider (shapeshifter) (Vaults:5)
  12 orb spiders
  11 sea snakes
  A storm dragon skeleton (Crypt:3)
  2 obsidian statues (IceCv)
  An anaconda skeleton (Crypt:3)
  4 shadow demons
  9 lindwurms
  67 deep trolls
  A swamp dragon (shapeshifter) (D:15)
  A bog body (Crypt:3)
  9 deep elf archers
  10 phantasmal warriors
  A swamp dragon (Lair:5)
  A bunyip skeleton (Crypt:3)
  16 ironbound convokers
  11 wizards
  A sphinx zombie (Depths:2)
  23 wolf spiders
  15 harpies
  21 deep elf zephyrmancers
  6 orc knights
  26 deep elf pyromancers
  12 necromancers
  9 salamanders
  18 starcursed masses (Abyss:3)
  8 orc sorcerers (Orc:2)
  A tengu skeleton (Vaults:2)
  8 steelbarb worms
  2 human zombies
  11 manticores
  8 shining eyes
  2 sphinx skeletons (Vaults:2)
  48 ugly things
  A stone giant zombie (Crypt:1)
  21 moths of wrath
  7 cyclopes
  2 guardian serpents (Abyss:3)
  6 fauns (Shoals:1)
  A frost giant skeleton (Vaults:4)
  7 merfolk sirens
  14 elephants
  A fire giant skeleton (Vaults:2)
  4 stone giant skeletons
  A worldbinder (Abyss:3)
  A torpor snail (shapeshifter) (Depths:4)
  16 vault sentinels
  3 naga magi
  2 black mambas (Lair:5)
  26 orange demons
  14 cane toads
  2 gargoyles
  3 eyes of devastation
  6 hellions
  12 rust devils
  Joseph (D:7)
  21 smoke demons
  10 water nymphs
  3 centaur skeletons
  18 demonic crawlers
  3 rime drakes
  29 yaktaurs
  9 torpor snails
  8 kobold demonologists
  2 unseen horror zombies (D:9)
  A dire elephant skeleton (Crypt:3)
  7 efreet (Pan)
  5 komodo dragons
  4 tormentors
  A rime drake (shapeshifter) (Abyss:1)
  17 freezing wraiths
  3 ice devils
  9 guardian mummies (Tomb:1)
  3 golden dragon simulacra (IceCv)
  11 hellwings
  3 meliai (Spider:3)
  8 trolls
  A death yak skeleton (Crypt:1)
  25 tarantellas
  19 merfolk
  3 polar bears
  10 red devils
  A hornet (shapeshifter) (D:15)
  A tarantella (shapeshifter) (Elf:2)
  6 wind drakes
  15 hornets
  13 blink frogs
  9 harpy skeletons
  A radroach zombie (Crypt:1)
  6 dream sheep
  A frost giant simulacrum (Vaults:4)
  A fire dragon zombie (Crypt:1)
  16 flying skulls
  24 culicivoras
  5 snapping turtles
  3 ettin skeletons
  8 air elementals
  89 slime creatures
  2 shadows
  24 jumping spiders
  9 wraiths
  A vampire (D:10)
  22 ynoxinuls
  3 ushabtiu (Tomb:1)
  19 water elementals
  71 yaks
  23 chaos spawn
  6 wyverns
  A black mamba skeleton (Crypt:1)
  4 golden eyes
  A wind drake skeleton (Crypt:2)
  65 redbacks
  7 basilisks
  25 neqoxecs
  A hog (shapeshifter) (D:15)
  A minotaur simulacrum (IceCv)
  4 steam dragons
  6 fire elementals
  5 wargs
  A redback (shapeshifter) (D:14)
  8 vampire mosquitoes
  A merfolk zombie (Crypt:1)
  3 nagas (Abyss:3)
  15 water moccasins
  A deep troll zombie (Crypt:2)
  A spatial vortex (Abyss:3)
  2 hydra simulacra (IceCv)
  50 large abominations
  4 acid dragons
  5 hell hounds (Hell)
  A demonspawn skeleton (Crypt:2)
  3 naga skeletons
  2 sky beasts
  A black mamba simulacrum (Tomb:1)
  3 black bears
  2 alligator simulacra (IceCv)
  49 orc warriors
  4 ice beasts
  4 ettin simulacra (IceCv)
  8 ogres
  6 wolves (Lair:4)
  A manticore zombie (Crypt:2)
  22 centaurs
  6 human skeletons
  A komodo dragon zombie (Crypt:3)
  8 kobold brigands
  10 small abominations
  Blork the orc (D:5)
  8 bullfrogs
  3 earth elementals (Elf:2)
  A deep troll simulacrum (IceCv)
  A gnoll sergeant (D:9)
  A scorpion (D:4)
  A draconian skeleton (Crypt:3)
  7 wights
  A water moccasin skeleton (Crypt:2)
  A cyclops skeleton (Crypt:1)
  8 killer bees
  A raiju skeleton (Crypt:3)
  2 warg skeletons
  3 howler monkeys
  3 crimson imps
  3 centaur zombies
  3 hounds
  3 quasits
  2 iron imps (Abyss:1)
  7 jellies
  28 orc priests
  2 gnoll boudas (D:5)
  Jessica (D:2)
  A boggart zombie (Crypt:1)
  9 iguanas
  23 orc wizards
  Terence (D:2)
  6 hell rats (Hell)
  An acid dragon zombie (Crypt:1)
  23 mummies (Tomb:1)
  21 gnolls
  3 adders
  2 white imps
  3 ufetubi
  A lava snake zombie (Crypt:3)
  3 worms (D:2)
  7 dart slugs
  117 orcs
  6 ball pythons
  4 endoplasms
  4 giant cockroaches
  15 goblins
  9 hobgoblins
  5 jackals
  7 quokkas
  6 bats
  3 frilled lizards
  A gnoll zombie (Crypt:2)
  A hobgoblin skeleton (Crypt:2)
  16 kobolds
  An orc skeleton (Crypt:3)
  An orc zombie (Crypt:2)
  7 rats
  A spectral goblin (D:3)
  6 ball lightnings (Pan)
  A bush (Abyss:3)
  5 creeping infernos
  132 fire vortices
  4 starspawn tentacles (Abyss:3)
3391 creatures vanquished.

Vanquished Creatures (collateral kills)
  A Killer Klown (Zot:5)
  A doom hound (Crypt:3)
  A tentacled monstrosity (Zot:4)
  2 Orb Guardians (Zot:5)
  An acid blob (Slime:5)
  A storm dragon (Zot:2)
  A frost giant (Depths:4)
  A ghost moth (Spider:3)
  A draconian scorcher (Zot:4)
  A draconian stormcaller (Zot:5)
  A juggernaut skeleton (Crypt:3)
  A red draconian (Zot:5)
  An entropy weaver (Spider:3)
  A fenstrider witch zombie (Tomb:1)
  A sixfirhy (Pan)
  A flayed ghost (Vaults:5)
  A spriggan simulacrum (Hell)
  A slime creature (Slime:3)
  A golden eye (Slime:2)
  2 floating eyes
  A fire crab zombie (Crypt:2)
  3 mummies (Tomb:1)
26 creatures vanquished.

Vanquished Creatures (others)
  An eldritch tentacle (Pan)
  A deep elf knight (Elf:1)
  A wizard (Pan)
  A cyclops (D:14)
  A water elemental (D:14)
  A culicivora (Spider:2)
  A fire bat (Abyss:3)
  2 electric eels (D:14)
  An ufetubus (Abyss:3)
  4 bushes
  7 demonic plants (Abyss:3)
  448 fire vortices
  18 fungi
  72 plants
  9 starspawn tentacles (Abyss:3)
  2 withered plants (Depths:2)
570 creatures vanquished.

Grand Total: 3987 creatures vanquished

Notes
Turn   | Place    | Note
-------+----------+-------------------------------------------
     0 | D:1      | Datul the Demonspawn Venom Mage began the quest for the
                  | Orb.
     0 | D:1      | Reached XP level 1. HP: 13/13 MP: 3/3
   356 | D:1      | Gained mutation: You regenerate a little health from kills.
                  | [demonic ancestry]
   356 | D:1      | Reached XP level 2. HP: 19/19 MP: 5/5
   524 | D:1      | Learned a level 2 spell: Poisonous Vapours
   751 | D:2      | Gained mutation: You are partially covered in icy blue
                  | scales. (AC +2) [demonic ancestry]
   751 | D:2      | Reached XP level 3. HP: 24/24 MP: 0/6
   864 | D:2      | Learned a level 3 spell: Mephitic Cloud
  1000 | D:2      | Identified the ring "Bajedoas" {rElec Int-5 Dex+4 SInv
                  | Stlth+}
  1044 | D:2      | Noticed Terence
  1084 | D:2      | Killed Terence
  1085 | D:2      | Reached skill level 1 in Conjurations
  1085 | D:2      | Reached XP level 4. HP: 29/30 MP: 1/7
  1466 | D:2      | Noticed Jessica
  1552 | D:2      | Killed Jessica
  1553 | D:2      | Reached skill level 5 in Poison Magic
  1996 | D:3      | Reached XP level 5. HP: 35/35 MP: 2/8
  2057 | D:3      | You fall into a shaft and drop 1 floor!
  2560 | D:3      | Gained mutation: You have sharp fingernails. [demonic
                  | ancestry]
  2560 | D:3      | Reached XP level 6. HP: 41/41 MP: 3/9
  2915 | D:3      | Found a hazy altar of Hepliaklqana.
  3713 | D:5      | Entered Level 5 of the Dungeon
  3716 | D:5      | Noticed an ice beast
  3789 | D:5      | Noticed a sky beast
  3913 | D:5      | Found a hide-covered altar of Uskayaw.
  3913 | D:5      | Noticed a +0 hand axe
  3914 | D:5      | Noticed a +0 hand axe
  3975 | D:5      | Noticed an ice beast
  3978 | D:5      | Killed an ice beast
  4026 | D:5      | Noticed Blork the orc
  4034 | D:5      | Gained mutation: You have very sharp fingernails. [demonic
                  | ancestry]
  4034 | D:5      | Reached XP level 7. HP: 18/46 MP: 6/10
  4060 | D:5      | Killed Blork the orc
  4240 | D:5      | Reached skill level 5 in Conjurations
  5028 | D:5      | Gained mutation: Spells you cast may paralyse adjacent
                  | enemies. [demonic ancestry]
  5028 | D:5      | Reached XP level 8. HP: 48/52 MP: 5/11
  5109 | D:6      | Found Uxoeten's Antique Armour Shoppe.
  6123 | D:7      | Learned a level 4 spell: Olgreb's Toxic Radiance
  6393 | D:7      | Found a staircase to the Ecumenical Temple.
  6416 | Temple   | Entered the Ecumenical Temple
  6469 | Temple   | Became a worshipper of Vehumet
  6659 | D:7      | Gained mutation: You are mostly covered in icy blue scales.
                  | (AC +3) [demonic ancestry]
  6659 | D:7      | Reached XP level 9. HP: 57/57 MP: 7/14
  7033 | D:7      | Noticed Joseph
  7061 | D:7      | Killed Joseph
  7228 | D:8      | Reached skill level 5 in Spellcasting
  7236 | D:8      | Learned a level 4 spell: Iskenderun's Mystic Blast
  7302 | D:8      | Found Bigg's Jewellery Shop.
  7936 | D:8      | Reached * piety under Vehumet
  7936 | D:8      | Offered knowledge of Freeze by Vehumet.
  8191 | D:8      | Reached skill level 10 in Conjurations
  8215 | D:8      | Upgraded the game from 0.30-a0-845-g7c6808c8ce to
                  | 0.30-a0-847-g17996783a1
  8363 | D:9      | Gained mutation: Spells you cast may paralyse nearby
                  | enemies. [demonic ancestry]
  8363 | D:9      | Reached XP level 10. HP: 63/63 MP: 8/19
  8643 | D:9      | Noticed a centaur warrior
  8647 | D:9      | Noticed a boulder beetle
  8647 | D:9      | Noticed a cyclops
  8647 | D:9      | Noticed a seven-headed hydra
  8652 | D:9      | Killed a centaur warrior
  8657 | D:9      | Killed a cyclops
  9034 | D:9      | Learned a level 3 spell: Stone Arrow
  9087 | D:9      | Identified 2 scrolls of acquirement
  9087 | D:9      | Acquired a book of the Spheres
  9681 | D:9      | Killed a boulder beetle
  9682 | D:9      | Reached XP level 11. HP: 68/68 MP: 7/20
 10015 | D:9      | Offered knowledge of Searing Ray by Vehumet.
 10022 | D:9      | Learned a level 5 spell: Iskenderun's Battlesphere
 10068 | D:9      | Reached ** piety under Vehumet
 10251 | D:10     | Entered Level 10 of the Dungeon
 10288 | D:10     | Reached skill level 1 in Fighting
 10698 | D:10     | Offered knowledge of Kindle Blastsparks by Vehumet.
 10856 | D:10     | Reached *** piety under Vehumet
 10868 | D:10     | Found a staircase to the Orcish Mines.
 10967 | D:10     | Reached skill level 5 in Fighting
 11069 | D:10     | Noticed a soul eater
 11077 | D:10     | Noticed a sun demon
 11078 | D:10     | Offered knowledge of Hailstorm by Vehumet.
 11744 | D:10     | Reached **** piety under Vehumet
 12069 | D:11     | Noticed a two-headed ogre
 12074 | D:11     | Killed a two-headed ogre
 12264 | D:11     | Noticed Nergalle
 12269 | D:11     | Killed Nergalle
 12623 | D:11     | Found a staircase to the Lair.
 12645 | D:11     | Offered knowledge of Lee's Rapid Deconstruction by Vehumet.
 12652 | D:11     | Learned a level 5 spell: Fireball
 12670 | D:11     | Reached XP level 12. HP: 88/88 MP: 10/25
 12816 | D:11     | Noticed a two-headed ogre
 12824 | D:11     | Killed a two-headed ogre
 13408 | Lair:1   | Entered Level 1 of the Lair of Beasts
 13496 | Lair:1   | Reached skill level 10 in Spellcasting
 13502 | Lair:1   | Reached skill level 1 in Fire Magic
 13701 | Lair:1   | Reached skill level 5 in Fire Magic
 14175 | Lair:2   | Found a staircase to the Shoals.
 14248 | Lair:2   | Noticed a five-headed hydra
 14252 | Lair:2   | Killed a five-headed hydra
 14445 | Lair:2   | Noticed a five-headed hydra
 14488 | Lair:2   | Killed a five-headed hydra
 14782 | Lair:2   | Gained mutation: You have claws for hands. [demonic
                  | ancestry]
 14782 | Lair:2   | Reached XP level 13. HP: 96/96 MP: 12/27
 15382 | Lair:3   | Found a hole to the Spider Nest.
 15768 | Lair:3   | You fall into a shaft and drop 2 floors!
 15768 | Lair:5   | Entered Level 5 of the Lair of Beasts
 16007 | Lair:4   | Reached skill level 10 in Fighting
 16236 | Lair:4   | Reached skill level 5 in Dodging
 16238 | Lair:4   | Reached ***** piety under Vehumet
 16241 | Lair:4   | Found a viscous altar of Jiyva.
 16241 | Lair:4   | Found a staircase to the Slime Pits.
 16260 | Lair:4   | Offered knowledge of Lightning Bolt by Vehumet.
 17056 | Lair:5   | Found a runed translucent gate.
 17093 | Lair:5   | Gained mutation: Your magical and physical power is
                  | slightly enhanced at high health. [demonic ancestry]
 17093 | Lair:5   | Reached XP level 14. HP: 110/110 MP: 9/29
 17156 | Lair:5   | Found a runed translucent gate.
 17156 | Lair:5   | Found a runed translucent gate.
 17160 | Lair:5   | Noticed jasper's ghost (journeyman DsFi)
 17161 | Lair:5   | Noticed garrulousMonolith's ghost (journeyman DsGl)
 18161 | Orc:1    | Entered Level 1 of the Orcish Mines
 18161 | Orc:1    | Found Ufuinu Afrau's Antique Armour Emporium.
 18345 | Orc:2    | Entered Level 2 of the Orcish Mines
 18345 | Orc:2    | Noticed Erolcha
 18345 | Orc:2    | Found a staircase to the Elven Halls.
 18345 | Orc:2    | Found Uzxyet Lywn's General Store.
 18350 | Orc:2    | Killed Erolcha
 18398 | Orc:2    | Bought a scroll of blinking for 90 gold pieces
 18398 | Orc:2    | Bought a +1 helmet of see invisible for 198 gold pieces
 18437 | Orc:1    | Reached skill level 10 in Fire Magic
 18561 | Orc:1    | Noticed Josephine
 18565 | Orc:1    | Killed Josephine
 19316 | Orc:2    | Offered knowledge of Arcjolt by Vehumet.
 19359 | Orc:2    | Found Orelohacki's General Store.
 19361 | Orc:2    | Found Zeikkorgh's Magic Scroll Emporium.
 19694 | Orc:2    | Found Oros's Book Boutique.
 19694 | Orc:2    | Found Maan's Antique Weapon Shop.
 19694 | Orc:2    | Found a one-way gate leading to the halls of Pandemonium.
 19803 | Orc:2    | Bought a potion of experience for 650 gold pieces
 20250 | D:12     | Identified the +9 long sword "Hellblazer" {heavy, rElec rF+
                  | Stlth+}
 20301 | D:12     | Reached XP level 15. HP: 105/115 MP: 26/31
 21034 | D:13     | Reached skill level 15 in Conjurations
 21125 | D:13     | Identified the +9 plate armour of the Poles {rF- Regen+
                  | Str+5 Dex+2}
 21487 | D:14     | Found a gate to the Vaults.
 21723 | D:14     | Reached ****** piety under Vehumet
 21725 | D:14     | Offered knowledge of Ozocubu's Refrigeration by Vehumet.
 21753 | D:14     | Learned a level 1 spell: Apportation
 22243 | D:15     | Entered Level 15 of the Dungeon
 22545 | D:15     | Identified the +2 leather armour of the Morning {rC+ Int-4
                  | Dex+4}
 22698 | D:15     | Found a staircase to the Depths.
 22926 | Spider:1 | Entered Level 1 of the Spider Nest
 22926 | Spider:1 | Noticed Donald
 22928 | Spider:1 | Noticed an emperor scorpion
 22934 | Spider:1 | Killed Donald
 22942 | Spider:1 | Killed an emperor scorpion
 22990 | Spider:1 | Gained mutation: You are completely covered in icy blue
                  | scales. (AC +4, rC+) [demonic ancestry]
 22990 | Spider:1 | Reached XP level 16. HP: 119/122 MP: 30/32
 23176 | Spider:1 | Reached skill level 5 in Shields
 23199 | Spider:1 | Gained mutation: You regenerate health from kills. [demonic
                  | ancestry]
 23199 | Spider:1 | Reached XP level 17. HP: 127/128 MP: 14/33
 24325 | Spider:2 | Offered knowledge of Iron Shot by Vehumet.
 24871 | Spider:3 | Offered knowledge of Spellforged Servitor by Vehumet.
 24884 | Spider:3 | Reached skill level 10 in Shields
 25782 | Spider:4 | Entered Level 4 of the Spider Nest
 25786 | Spider:4 | Offered knowledge of Eringya's Noxious Bog by Vehumet.
 25845 | Spider:4 | Gained mutation: Your magical and physical power is
                  | enhanced at high health. [demonic ancestry]
 25845 | Spider:4 | Reached XP level 18. HP: 134/134 MP: 27/34
 25928 | Spider:4 | Found a frozen archway.
 25940 | IceCv    | Entered an ice cave
 26816 | Spider:4 | Reached skill level 15 in Spellcasting
 26976 | Spider:4 | Reached skill level 1 in Ice Magic
 26979 | Spider:4 | Identified the +11 dagger of the End {spect, rC+}
 27074 | Spider:4 | Got a gossamer rune of Zot
 27084 | Spider:4 | Identified the +1 barding of Dishonesty {rF+}
 27251 | Shoals:1 | Entered Level 1 of the Shoals
 27254 | Shoals:1 | Reached skill level 2 in Ice Magic
 27403 | Shoals:1 | Noticed Jorgrun
 27406 | Shoals:1 | Killed Jorgrun
 27407 | Shoals:1 | Reached skill level 3 in Ice Magic
 27427 | Shoals:1 | Reached skill level 4 in Ice Magic
 27529 | Shoals:1 | Found Nimmiseps's CLEARANCE SALE!.
 27534 | Shoals:1 | Bought a condenser vane for 240 gold pieces
 27534 | Shoals:1 | Bought a potion of curing for 18 gold pieces
 27695 | Shoals:1 | Reached skill level 5 in Ice Magic
 27768 | Shoals:2 | Offered knowledge of Lehudib's Crystal Spear by Vehumet.
 27885 | Shoals:2 | Noticed Aizul
 27888 | Shoals:2 | Killed Aizul
 27896 | Shoals:2 | Reached skill level 6 in Ice Magic
 28241 | Shoals:3 | Found Lavao's Assorted Antiques.
 28252 | Shoals:3 | Bought a dull robe for 165 gold pieces
 28252 | Shoals:3 | Identified the +2 robe of Ulaiwn {Rampage rC- Int+3 SInv}
                  | (You bought it in a shop on level 3 of the Shoals)
 28252 | Shoals:3 | Bought a potion of magic for 232 gold pieces
 28252 | Shoals:3 | Bought a weird jewelled staff for 348 gold pieces
 28254 | Shoals:3 | Reached skill level 7 in Ice Magic
 28344 | Shoals:3 | Found Muaxti's General Store.
 28460 | Shoals:3 | Reached skill level 8 in Ice Magic
 28568 | Shoals:3 | Found Doefeho's Weapon Shop.
 29141 | Shoals:3 | Found Yhixakia's Weapon Boutique.
 29254 | Shoals:4 | Entered Level 4 of the Shoals
 29352 | Shoals:4 | Gained mutation: Your magical and physical power is greatly
                  | enhanced at high health. [demonic ancestry]
 29352 | Shoals:4 | Reached XP level 19. HP: 140/140 MP: 24/38
 29360 | Shoals:4 | Reached skill level 9 in Ice Magic
 29373 | Shoals:4 | Acquired 984 gold pieces
 29460 | Shoals:4 | Paralysed by an air elemental for 1 turns
 29513 | Shoals:4 | Offered knowledge of Fire Storm by Vehumet.
 29513 | Shoals:4 | Offered knowledge of Chain Lightning by Vehumet.
 29513 | Shoals:4 | Offered knowledge of Ignition by Vehumet.
 29709 | Shoals:4 | Found an opulent altar of Gozag.
 29926 | Shoals:4 | Got a barnacled rune of Zot
 30072 | Shoals:4 | Learned a level 8 spell: Ignition
 30267 | Elf:1    | Entered Level 1 of the Elven Halls
 30420 | Vaults:1 | Entered Level 1 of the Vaults
 30746 | Vaults:1 | Found Luogaeda's Book Shoppe.
 30757 | Vaults:1 | Identified the +10 dagger "Uplagoc" {vamp, *Slow rElec rC+
                  | Str+7}
 31026 | Vaults:1 | Identified the +1 robe of the Pink Corner {Contam rElec
                  | Int-4 Dex+8}
 32240 | Orc:2    | Bought a book of Iron for 612 gold pieces
 32247 | Orc:2    | Learned a level 6 spell: Iron Shot
 32297 | Elf:1    | Reached skill level 1 in Earth Magic
 32297 | Elf:1    | Reached XP level 20. HP: 147/147 MP: 41/41
 32465 | Elf:1    | Identified the ring "Gipn" {AC+4 Dex+8}
 32687 | Elf:1    | Found a blossoming altar of Fedhas.
 32884 | Elf:1    | Reached skill level 15 in Fire Magic
 33008 | Elf:1    | Found Ziynorysch's Antique Armour Emporium.
 33259 | Elf:2    | Found a runed translucent gate.
 33259 | Elf:2    | Found a runed translucent gate.
 33260 | Elf:2    | Found a runed translucent gate.
 33371 | Elf:2    | Found Hegh's Vocational Training.
 33810 | Elf:3    | Entered Level 3 of the Elven Halls
 33873 | Elf:3    | Noticed Saint Roka
 33878 | Elf:3    | Killed Saint Roka
 34438 | Elf:3    | Reached skill level 5 in Earth Magic
 34494 | Elf:3    | Identified the +3 quarterstaff of Resourcefulness {freeze,
                  | rC+ Dex+2}
 34649 | Elf:3    | Identified the +2 scale mail of Naxez {rPois rN++ Regen+
                  | Int-4}
 34649 | Elf:3    | Identified the ring of Wuon {Wiz rF+}
 34661 | Elf:3    | Identified the ring of Bekluxur {rPois rF++ Str+4 Stlth+}
 34848 | Elf:3    | Identified the +6 hand axe "Eviscerator" {freeze, Int+4}
 34852 | Elf:3    | Identified the +8 war axe "Rust" {holy, rPois Will- Dex+2
                  | Stlth+}
 34859 | Elf:3    | Got Cemenud's Incunabulum of Ruinous Geology
 34863 | Elf:3    | Got the Vademecum on Sinister Toxins
 34915 | Elf:3    | Acquired the ring "Semietep" {rPois MP+9 Str+5}
 35534 | Vaults:2 | Reached XP level 21. HP: 153/153 MP: 34/43
 35608 | Vaults:2 | Found the +8 storm bow {elec, penet}
 35629 | Vaults:2 | Identified the ring "Rigeffo" {rC+ MP-9 AC+4 Str+3 Dex+2}
 36000 | Vaults:2 | Found a staircase to the Crypt.
 37256 | Vaults:4 | Found a flickering gateway to a bazaar.
 37266 | Bazaar   | Entered a bazaar
 37266 | Bazaar   | Found Odeaqy's Weapon Shoppe.
 37266 | Bazaar   | Found Qiz Xia's Antique Armour Shop.
 37266 | Bazaar   | Found Izietize's Armour Shoppe.
 37268 | Bazaar   | Found Heclisk's General Store.
 37334 | Bazaar   | Bought a masterwork leather armour for 196 gold pieces
 37334 | Bazaar   | Identified the +2 leather armour of Zin, Inviting {Harm
                  | rN++} (You bought it in a shop in a bazaar)
 37335 | Bazaar   | Bought a glowing cloak for 210 gold pieces
 37336 | Bazaar   | Bought a glowing cloak for 210 gold pieces
 38280 | Vaults:4 | Learned a level 9 spell: Fire Storm
 38441 | Depths:1 | Entered Level 1 of the Depths
 38582 | Depths:1 | Found a broken altar of Ashenzari.
 38689 | Depths:1 | Identified the +2 robe of Leapfrog {*Slow rElec Int+6}
 38756 | Depths:1 | Found a gateway to Hell.
 38756 | Depths:1 | You fall into a shaft and drop 1 floor!
 38764 | Depths:2 | Noticed a juggernaut
 38768 | Depths:2 | Noticed a juggernaut
 38769 | Depths:2 | Killed a juggernaut
 38770 | Depths:2 | Reached XP level 22. HP: 159/159 MP: 15/44
 38773 | Depths:2 | Killed a juggernaut
 38781 | Depths:2 | Noticed a caustic shrike
 39094 | Depths:1 | Identified the ring "Onnodinn" {rF- Str+6 Int+2 Dex+2
                  | Slay+3 Stlth+}
 39242 | Depths:1 | Identified the +1 leather armour of the Five Spreadsheets
                  | {*Corrode rC+ Slay+6}
 39579 | Depths:2 | Noticed a juggernaut
 39587 | Depths:2 | Killed a juggernaut
 39673 | Depths:2 | Killed a caustic shrike
 40069 | Depths:2 | Found a basalt altar of Yredelemnul.
 40146 | Depths:2 | Found a one-way gate to the infinite horrors of the Abyss.
 40150 | Depths:2 | Noticed a dread lich
 40151 | Depths:2 | Found a one-way gateway to a ziggurat.
 40151 | Depths:2 | Noticed an ancient lich
 40151 | Depths:2 | Noticed a dread lich
 40155 | Depths:2 | Killed an ancient lich
 40155 | Depths:2 | Killed a dread lich
 40189 | Depths:2 | Killed a dread lich
 40933 | Depths:3 | Found a magical portal.
 40992 | WizLab   | Entered Tukima's Studio
 41501 | Depths:3 | Noticed a golden dragon
 41504 | Depths:3 | Killed a golden dragon
 41509 | Depths:3 | Noticed a golden dragon
 41511 | Depths:3 | Killed a golden dragon
 41936 | Depths:3 | Reached XP level 23. HP: 113/162 MP: 45/45
 42112 | Depths:3 | Acquired 743 gold pieces
 42367 | Depths:4 | Entered Level 4 of the Depths
 42777 | Depths:4 | Found a runed translucent door.
 42782 | Depths:4 | Found a runed translucent door.
 42782 | Depths:4 | Found a runed translucent door.
 42876 | Depths:4 | Found a runed translucent door.
 42934 | Depths:4 | Found a runed translucent door.
 42934 | Depths:4 | Found a runed translucent door.
 42945 | Depths:4 | Found a gate to the Realm of Zot.
 43032 | Depths:4 | Noticed a caustic shrike
 43034 | Depths:4 | Killed a caustic shrike
 43035 | Depths:4 | Noticed a caustic shrike
 43036 | Depths:4 | Noticed a caustic shrike
 43037 | Depths:4 | Noticed a caustic shrike
 43038 | Depths:4 | Killed a caustic shrike
 43038 | Depths:4 | Killed a caustic shrike
 43038 | Depths:4 | Killed a caustic shrike
 43389 | Depths:4 | Found a shimmering altar of Xom.
 43482 | Depths:4 | Found a shimmering altar of Xom.
 43483 | Depths:4 | Found a shimmering altar of Xom.
 43484 | Depths:4 | Found a shimmering altar of Xom.
 43487 | Depths:4 | Found a shimmering altar of Xom.
 43487 | Depths:4 | Found a shimmering altar of Xom.
 43489 | Depths:4 | Found a shimmering altar of Xom.
 43567 | Depths:4 | Found a portal to a secret trove of treasure.
 43736 | Depths:4 | Reached skill level 1 in Transmutations
 43928 | Crypt:1  | Entered Level 1 of the Crypt
 43985 | Crypt:1  | Noticed Boris
 43991 | Crypt:1  | Killed Boris
 43992 | Crypt:1  | Reached skill level 1 in Necromancy
 44054 | Crypt:1  | Learned a level 8 spell: Necromutation
 44198 | Crypt:1  | Identified the +2 leather armour of Feasting {rN+}
 44663 | Crypt:1  | Noticed Bai Suzhen
 44667 | Crypt:1  | Killed Bai Suzhen
 44668 | Crypt:1  | Reached skill level 5 in Necromancy
 45098 | Crypt:2  | Found a transporter.
 45353 | Crypt:2  | Found a transporter.
 45590 | Crypt:3  | Entered Level 3 of the Crypt
 45726 | Crypt:3  | Reached XP level 24. HP: 172/172 MP: 36/45
 45815 | Crypt:3  | Found a staircase to the Tomb.
 45889 | Crypt:3  | Reached skill level 5 in Transmutations
 45902 | Crypt:3  | Noticed Grunn
 45904 | Crypt:3  | Killed Grunn
 46054 | Crypt:3  | Reached skill level 10 in Necromancy
 46481 | Crypt:3  | Noticed an ancient lich
 46484 | Crypt:3  | Killed an ancient lich
 46615 | Crypt:3  | Found a basalt altar of Yredelemnul.
 46736 | Crypt:3  | Got Kikubaaqudgha's Volume of the Graveyard
 47234 | Crypt:2  | Noticed a dread lich
 47236 | Crypt:2  | Killed a dread lich
 47252 | Crypt:2  | Identified the ring "Sieherph" {Will+ EV+5}
 47257 | Crypt:2  | Identified the ring of Niryst {Contam rF+ rCorr MP+9}
 47267 | Crypt:2  | Identified the ring "Veschuty" {rPois SInv}
 47495 | Vaults:5 | Entered Level 5 of the Vaults
 47497 | Vaults:5 | Reached skill level 15 in Necromancy
 47646 | Vaults:5 | Reached skill level 10 in Transmutations
 47693 | Vaults:5 | Identified the +5 scimitar of Pride {pain, *Slow rElec
                  | Int+3}
 47758 | Vaults:5 | Got a silver rune of Zot
 48003 | Vaults:5 | Reached XP level 25. HP: 177/177 MP: 38/45
 48303 | Vaults:5 | Got Lasailuf's Folio of Hazy Momentum
 48646 | Vaults:5 | Identified the +9 sling "Ydief" {flame, rF+++ rC- MP+9
                  | Str-2}
 48781 | Vaults:5 | Identified the +5 spear "Qaekhesa" {heavy, Dex+4 Stlth+}
 49524 | Depths:4 | You paid a toll of 4 potions of resistance to enter a
                  | treasure trove
 49525 | Trove    | Entered a treasure trove
 49530 | Trove    | Identified the +1 helmet of Tomorrow {Rampage *Corrode
                  | Int+6 Stlth+}
 49532 | Trove    | Identified the +1 hat "Roxtaotoo" {rN+ rCorr Stlth-}
 49534 | Trove    | Identified the +0 kite shield "Deehaivu" {Slay+6}
 49540 | Trove    | Identified the +1 cloak of the Black Moon {Harm *Corrode
                  | Regen+ Slay+6}
 49541 | Trove    | Identified the +1 leather armour "Yplomaha" {Will+}
 49881 | Slime:1  | Entered Level 1 of the Pits of Slime
 49985 | Slime:5  | Entered Level 5 of the Pits of Slime
 50090 | Slime:5  | Noticed the Royal Jelly
 50092 | Slime:5  | Killed the Royal Jelly
 50258 | Slime:5  | Identified the ring "Edateng" {*Corrode rPois rF+ Str+5}
 50318 | Slime:5  | Identified the +1 chain mail of Qigion {+Blink Dex+6}
 50341 | Slime:5  | Identified the +7 trident of Doubt {chaos, rN+}
 50350 | Slime:5  | Got a slimy rune of Zot
 50360 | Slime:5  | Acquired 709 gold pieces
 50366 | Slime:5  | Acquired 1161 gold pieces
 51375 | Lair:5   | Killed jasper's ghost
 51376 | Lair:5   | Killed garrulousMonolith's ghost
 52206 | Tomb:1   | Entered Level 1 of the Tomb of the Ancients
 52405 | Tomb:1   | Noticed a royal mummy
 52422 | Tomb:1   | Killed a royal mummy
 52773 | Tomb:1   | Noticed a royal mummy
 52774 | Tomb:1   | Killed a royal mummy
 53409 | Hell     | Entered the Vestibule of Hell
 53409 | Hell     | Noticed Geryon
 53415 | Hell     | Killed Geryon
 53420 | Hell     | Gained mutation: Spells you cast and wands you use may
                  | paralyse nearby enemies. [demonic ancestry]
 53420 | Hell     | Reached XP level 26. HP: 191/191 MP: 26/45
 53607 | Hell     | Found a gateway to the decaying netherworld of Tartarus.
 53669 | Hell     | Found a gateway to the ashen valley of Gehenna.
 53733 | Hell     | Found a gateway to the Iron City of Dis.
 53794 | Hell     | Found a gateway to the freezing wastes of Cocytus.
 53945 | Zot:1    | Entered Level 1 of the Realm of Zot
 54211 | Zot:1    | Reached skill level 15 in Transmutations
 54263 | Zot:1    | Reached skill level 15 in Fighting
 54947 | Zot:2    | Identified the +5 scale mail of Teabaj {Rampage rPois rF++
                  | Str-2}
 55907 | Zot:4    | Noticed an orb of fire
 56225 | Zot:4    | Killed an orb of fire
 56655 | Zot:5    | Entered Level 5 of the Realm of Zot
 56655 | Zot:5    | Noticed an orb of fire
 56666 | Zot:4    | Killed an orb of fire
 56742 | Zot:5    | Found a broken altar of Ashenzari.
 56775 | Zot:5    | Reached skill level 10 in Ice Magic
 56840 | Zot:5    | Gained mutation: You regenerate a lot of health from kills.
                  | [demonic ancestry]
 56840 | Zot:5    | Reached XP level 27. HP: 213/213 MP: 32/45
 56931 | Zot:5    | Found a sparkling altar of Nemelex Xobeh.
 57081 | Zot:5    | Reached skill level 11 in Ice Magic
 57245 | Zot:5    | Noticed an orb of fire
 57249 | Zot:5    | Killed an orb of fire
 57319 | Zot:5    | Noticed an orb of fire
 57325 | Zot:5    | Killed an orb of fire
 57326 | Zot:5    | Reached skill level 12 in Ice Magic
 57399 | Zot:5    | Noticed a dread lich
 57401 | Zot:5    | Killed a dread lich
 57438 | Zot:5    | Reached skill level 13 in Ice Magic
 57522 | Zot:5    | Noticed an ancient lich
 57524 | Zot:5    | Killed an ancient lich
 57536 | Zot:5    | Noticed an ancient lich
 57537 | Zot:5    | Killed an ancient lich
 57639 | Zot:5    | Reached skill level 14 in Ice Magic
 57670 | Zot:5    | Noticed an orb of fire
 57688 | Zot:5    | Killed an orb of fire
 57924 | Zot:5    | Noticed an ancient lich
 57931 | Zot:5    | Killed an ancient lich
 57932 | Zot:5    | Reached skill level 15 in Ice Magic
 58090 | Zot:5    | Learned a level 9 spell: Polar Vortex
 58135 | Zot:5    | Noticed an orb of fire
 58140 | Zot:5    | Killed an orb of fire
 58223 | Zot:5    | Reached skill level 16 in Ice Magic
 58432 | Zot:5    | Upgraded the game from 0.30-a0-847-g17996783a1 to
                  | 0.30-a0-859-gf88a04b62d
 58615 | Depths:3 | Voluntarily entered the Abyss.
 58615 | Abyss:1  | Found a corrupted altar of Lugonu.
 58897 | Abyss:2  | Found a corrupted altar of Lugonu.
 59165 | Abyss:3  | Reached skill level 17 in Ice Magic
 59631 | Abyss:3  | Got an abyssal rune of Zot
 59706 | Depths:3 | Escaped the Abyss
 59795 | Pan      | Entered Pandemonium
 60023 | Pan      | Reached skill level 18 in Ice Magic
 60432 | Pan      | Noticed Satseg the pandemonium lord
 60437 | Pan      | Killed Satseg the pandemonium lord
 60503 | Pan      | Got a demonic rune of Zot
 60594 | Pan      | Found a runed translucent door.
 60600 | Pan      | Found a runed translucent door.
 60605 | Pan      | Found a runed translucent door.
 60642 | Pan      | Found a runed translucent door.
 60796 | Pan      | Entered the realm of Mnoleg.
 60803 | Pan      | Noticed Mnoleg
 60871 | Pan      | Reached skill level 19 in Ice Magic
 61166 | Pan      | Found an exit through the horrors of the Abyss.
 61738 | Pan      | Killed Mnoleg
 61739 | Pan      | Reached skill level 20 in Ice Magic
 61750 | Pan      | Got a glowing rune of Zot
 61844 | Pan      | Noticed Ignacio
 61848 | Pan      | Killed Ignacio
 62034 | Pan      | Noticed Kecsaem the pandemonium lord
 62037 | Pan      | Killed Kecsaem the pandemonium lord
 62191 | Pan      | Noticed Mihudd the pandemonium lord
 62193 | Pan      | Reached skill level 21 in Ice Magic
 62196 | Pan      | Killed Mihudd the pandemonium lord
 62221 | Pan      | Identified the +1 chain mail of the Watermelon {rElec Dex-5
                  | Slay+2}
 62442 | Pan      | Noticed Qene the pandemonium lord
 62450 | Pan      | Killed Qene the pandemonium lord
 62477 | Pan      | Reached skill level 22 in Ice Magic
 62512 | Pan      | Found a runed translucent door.
 62575 | Pan      | Entered the realm of Gloorx Vloq.
 63587 | Pan      | Reached skill level 23 in Ice Magic
 63800 | Pan      | Noticed Gloorx Vloq
 63809 | Pan      | Killed Gloorx Vloq
 63863 | Pan      | Got a dark rune of Zot
 64022 | Pan      | Found a runed translucent door.
 64028 | Pan      | Found a runed translucent door.
 64031 | Pan      | Found a runed translucent door.
 64059 | Pan      | Noticed Adwosif the pandemonium lord
 64063 | Pan      | Killed Adwosif the pandemonium lord
 64076 | Pan      | Found a runed translucent door.
 64123 | Pan      | Entered the realm of Cerebov.
 64141 | Pan      | Noticed Mennas
 64144 | Pan      | Killed Mennas
 64563 | Pan      | Found the +6 sword of Cerebov {flame}
 64563 | Pan      | Noticed Cerebov
 64804 | Pan      | Identified the +6 battleaxe of Ynekilat {freeze, rN+}
 64850 | Pan      | Killed Cerebov
 65099 | Pan      | Identified the +1 leather armour of Negation {rPois Str+3
                  | Int-3}
 65137 | Pan      | Got a fiery rune of Zot
 65159 | Pan      | Identified the ring of Mysoh {Fly Dex+4}
 65164 | Pan      | Got the Essays on Warped Open Graves
 65177 | Pan      | Identified the +0 halberd "Eviscerator" {heavy, Int+5}
 65178 | Pan      | Identified the ring "Nuixyg Tuku" {rElec rF+ Int+6}
 65268 | Pan      | Noticed Zoycenic the pandemonium lord
 65271 | Pan      | Killed Zoycenic the pandemonium lord
 65322 | Depths:2 | Escaped Pandemonium
 65326 | Pan      | Entered the realm of Lom Lobon.
 65326 | Pan      | Entered Pandemonium
 65574 | Pan      | Reached skill level 10 in Earth Magic
 65992 | Pan      | Noticed Lom Lobon
 66004 | Pan      | Killed Lom Lobon
 66015 | Pan      | Got a magical rune of Zot
 66290 | Pan      | Found an exit through the horrors of the Abyss.
 66297 | Pan      | Took an exit into the Abyss.
 66297 | Abyss:3  | Escaped into the Abyss
 66309 | Abyss:3  | Found a corrupted altar of Lugonu.
 66345 | Depths:2 | Escaped the Abyss
 66469 | Geh:1    | Entered Level 1 of Gehenna
 67459 | Geh:7    | Entered Level 7 of Gehenna
 68212 | Zot:5    | Got the Orb of Zot
 68366 | Depths:4 | Noticed a seraph
 68527 | D:13     | Noticed Xaven the pandemonium lord
 68626 | D:8      | Noticed Qyubah the pandemonium lord
 68767 | D:1      | Noticed Ohaap the pandemonium lord
 68772 | D:$      | Escaped with the Orb!

Illustrated notes

Levels and vault maps discovered:
D:1:      dpeg_arrival_arbitrary_c, layout_rooms
D:2:      minmay_evil_eye, layout_loops_ring, ebering_dispersal_statue_hall,
          chequers_serial_rivers_micro_e, uniq_terence, uniq_jessica
D:3:      layout_rooms, nicolae_hepliaklqana_monster_ancestors
D:4:      layout_loops_cross
D:5:      layout_loops_ring, dancing_weapons_uskayaw,
          dreamdust_princess_corridor, uniq_blork_the_orc
D:6:      hellmonk_destroyed_diamonds, layout_loops_ring, serial_shops, shop,
          minmay_misc_feat_five, minmay_crystal_room, minmay_stone_trees_medium,
          serial_bayou_crossing
D:7:      layout_rooms, temple_fountains, minmay_diced_spiral, uniq_joseph
D:8:      minmay_inner_zag, layout_rooms, serial_shops, shop
D:9:      layout_grid_maze, serial_undead, serial_undead_a, serial_undead_e,
          serial_undead_b, serial_undead_f,
          nicolae_concentric_dashed_squares_wild, wad_scary_box
D:10:     layout_irregular_city, hiddenorc2_lemuel
D:11:     layout_layer_cave, lair_entry_dummy, uniq_nergalle
D:12:     layout_basic
D:13:     layout_roguey [special_room_orc]
D:14:     layout_loops_ring, lightli_vaults_fourway_checkpoint,
          hangedman_decor_peaks_small, lemuel_freeze_loot_1
D:15:     hangedman_depths_entry_try_elsewhere_first, layout_cave_pools,
          grunt_ministairs_2
Temple:   nicolae_temple_bog_church
Lair:1:   layout_cave_shapes
Lair:2:   nzn_winding_woodlands_medium [nzn_winding_woodlands_5x5_perimeter,
          nzn_winding_woodlands_5x15_longhouse,
          nzn_winding_woodlands_5x5_checkerboard,
          nzn_winding_woodlands_5x5_closed_star,
          nzn_winding_woodlands_center_diamonds,
          nzn_winding_woodlands_5x5_default, nzn_winding_woodlands_hourglass,
          nzn_winding_woodlands_5x15_zeroes, nzn_winding_woodlands_5x5_default],
          layout_regular_city, nicolae_shoals_entry_roost, minivault_27
Lair:3:   layout_regular_city, hellmonk_spider_entry_life_and_decay,
          nicolae_quartered_pool_little, grunt_forest_small_clearing_treed,
          infiniplex_staircase_pool_2, serial_bayou_shore_b
Lair:4:   layout_cave_pods, nicolae_slime_entry_slimehenge, grunt_megastairs_2,
          serial_bayou_shore_b
Lair:5:   guppyfry_lair_end_dragon, layout_layer_cave, gammafunk_ghost_cemetery,
          basic_altar, evilmike_ambush [evilmike_ambush_outer_corners,
          evilmike_ambush_inner_pond]
Shoals:1: layout_shoals, nicolae_shoals_seven_spires, nicolae_shop_clearance,
          uniq_jorgrun
Shoals:2: layout_shoals, nicolae_shoals_sun_and_surf, uniq_aizul
Shoals:3: nicolae_shoals_offshore_bank_account, layout_shoals, serial_shops,
          nicolae_shop_hallway_stairs, nicolae_stop_n_shop_2,
          nicolae_shop_bloodbath_and_beyond, nicolae_take_the_stairs
Shoals:4: shoals_end_hellmonk_storm_palace [storm_palace_center_ruins,
          storm_palace_corner_altar, storm_palace_corner_blocked,
          storm_palace_corner_narrow, storm_palace_corner_grid]
Spider:1: layout_cave_pods, einodemon_crawler_minivault, uniq_donald
Spider:2: layout_spider_delve, hangedman_spider_tarantella_strand
Spider:3: nicolae_spider_hall_of_the_moth_king
Spider:4: grunt_spider_rune_circles, portal_ice_cave_entry_pillars_1
Slime:1:  cheibrodos_slime_lost_civilization_1, layout_caves
Slime:2:  layout_caves, nicolae_slime_getting_an_eyeful
Slime:3:  layout_caves
Slime:4:  layout_caves
Slime:5
Orc:1:    layout_diamond_mine, serial_shops,
          nicolae_shop_temple_entry_statues_fountains, mines_bat_river,
          uniq_josephine
Orc:2:    pf_orc_diabolical, layout_caves, serial_shops, shop, uniq_erolcha
Elf:1:    minmay_the_grid_four_pointed_star
          [minmay_the_grid_triangle_9x9_odd_lines,
          minmay_the_grid_triangle_9x9_limited_checkers,
          minmay_the_grid_triangle_9x9_shrine,
          minmay_the_grid_triangle_9x9_from_above,
          minmay_the_grid_prize_diamond_cup], layout_onion_city, serial_shops,
          nicolae_shop_stone, hangedman_elf_represent,
          nicolae_elf_big_sculpture_2
Elf:2:    nicolae_elf_blades_splatter_lattice [grunt_blade_entry_basic],
          layout_loops_cross, minivault_11, st_stairs_9, nicolae_shop_vocational
Elf:3:    minmay_elf_hall_statues, layout_onion_city, fountainhead,
          uniq_saint_roka
Vaults:1: v_misc_1, nicolae_vaults_network_periphery, nicolae_vaults_quadrants,
          v_rooms_3, grunt_vaults_focal, v_misc_31, v_misc_13,
          nicolae_vaults_what_the_h, ontoclasm_vaults_eye,
          layout_vaults_omnibox, serial_shops, nicolae_square_shop
Vaults:2: grunt_vaults_diagonal, vaults_room_corners,
          minmay_guarded_unrand_secular_launcher,
          minmay_crypt_entry_skeletal_spiral, hangedman_vaults_maws,
          ontoclasm_vaults_gateway, hangedman_vaults_corner_blocks,
          nicolae_vaults_back_hallway, v_misc_27, vaults_dpeg_diagonal,
          v_misc_12, hangedman_vaults_corner, grunt_vaults_hallway_short,
          v_misc_2, layout_vaults_maze_bifur
Vaults:3: hangedman_vaults_stretched_pinwheel, v_rooms_1,
          hangedman_vaults_stretched_pinwheel, vaults_room_ringed_pool,
          nicolae_vaults_meeting, ontoclasm_vaults_fault,
          hangedman_vaults_corner_blocks, vaults_standard_mumra_x,
          vaults_dpeg_ring, ontoclasm_vaults_decontamination,
          vaults_room_semicircle, nicolae_vaults_little_squares_2,
          ontoclasm_vaults_idyll, layout_vaults_ring
Vaults:4: vaults_mumra_minichess_inversion, ontoclasm_vaults_chip,
          vaults_standard_mumra_lines, nicolae_vaults_three_branches,
          v_pattern_2, nicolae_vaults_circle_grid_a, ontoclasm_vaults_ligature,
          layout_vaults_chaotic_city, serial_shops, bzr_entry_safe
Vaults:5: serial_shops
Crypt:1:  layout_misc_corridors, grunt_megastairs_1, uniq_bai_suzhen, uniq_boris
Crypt:2:  gammafunk_its_a_trap, layout_regular_city, uniq_josephina
Crypt:3:  church_of_pain_bobbens, layout_chaotic_city,
          nicolae_tomb_entry_rubble_hallway, uniq_grunn
Tomb:1
Depths:1: layout_basic, grunt_mini_vestibule, evilmike_ruin_ashenzari,
          kennysheep_underground_church
Depths:2: minmay_inside_and_out, layout_gridlike, enter_ziggurat_d,
          hangedman_tar_grid_catacomb, yredelemnul_altar_generic,
          grunt_pan_entry_zigzag, abyss_entry, infiniplex_staircase_zigzag_2
Depths:3: cheibrodos_leafed_vault, layout_basic, abyss_entry, minmay_holes,
          hell_entry, mu_enter_wizlab_2, nicolae_figureground_pulse
Depths:4: evilmike_zot_entry_castle, layout_basic, pf_dread_powers_of_hell,
          nicolae_trove_entry_diagonal, nicolae_xom_altar_mimics
Hell
Geh:1:    layout_gehenna_pools_box
Geh:2:    layout_gehenna_lava_caves
Geh:3:    layout_gehenna_lava_caves
Geh:4:    layout_gehenna_lava_caves
Geh:5:    layout_gehenna_pools_triple
Geh:6:    layout_gehenna_pools_box
Geh:7:    geh_old
Zot:1:    layout_misc_corridors
Zot:2:    layout_onion_interference
Zot:3:    layout_onion_interference
Zot:4:    layout_misc_corridors, zot_minivault_4
Zot:5:    layout_misc_corridors, hangedman_feature_mirror

Skill      XL: |  1  2  3  4  5  6  7  8  9 10 11 12 13 14 15 16 17 18 19 20 21 22 23 24 25 26 27 |
---------------+----------------------------------------------------------------------------------+-----
Poison Magic   | 4 5 6 7 8 |  8.3
Conjurations   | 1 2 3 4 6 7 10 13 14 17 18 20 22 | 22.1
Spellcasting   | 3 6 9 10 11 12 15 17 18 22 | 22.0
Fighting       | 6 7 10 12 16 | 16.7
Fire Magic     | 8 12 14 17 20 21 22 | 22.4
Dodging        | 6 7 |  7.0
Shields        | 4 5 12 | 12.0
Ice Magic      | 8 9 10 23 | 23.7
Earth Magic    | 1 6 14 | 14.1
Transmutations | 4 10 14 17 | 17.7
Necromancy     | 8 16 19 | 19.1
Stealth        | |  1.7

Action                     |  1- 3 |  4- 6 |  7- 9 | 10-12 | 13-15 | 16-18 | 19-21 | 22-24 | 25-27 || total
---------------------------+-------+-------+-------+-------+-------+-------+-------+-------+-------++-------
  Melee: Dagger            |       |    36 |   182 |    67 |     8 |       |       |       |       ||   293
         Punch             |       |       |     5 |     1 |       |       |       |       |       ||     6
         Long sword        |       |       |       |       |     1 |     1 |     1 |       |    21 ||    24
         Staff             |       |       |       |       |       |     4 |       |     3 |       ||     7
   Fire: Sling             |   116 |   100 |       |     5 |       |       |       |       |       ||   221
   Cast: Sting             |    20 |    35 |    34 |     8 |       |       |       |       |       ||    97
         Poisonous Vapours |     9 |    50 |    39 |       |       |       |       |       |       ||    98
         Mephitic Cloud    |       |     2 |    41 |    19 |     2 |     2 |       |       |       ||    66
         Olgreb's Toxic Ra |       |       |     5 |    27 |    35 |    39 |     3 |       |       ||   109
         Iskenderun's Myst |       |       |     5 |     7 |    36 |    39 |    36 |    31 |    72 ||   226
         Stone Arrow       |       |       |       |   115 |   255 |   110 |    49 |       |       ||   529
         Iskenderun's Batt |       |       |       |    54 |   113 |    94 |   124 |    99 |   111 ||   595
         Fireball          |       |       |       |    34 |   144 |   250 |   350 |   232 |   372 ||  1382
         Ignition          |       |       |       |       |       |       |    46 |    14 |    65 ||   125
         Iron Shot         |       |       |       |       |       |       |    36 |   118 |   306 ||   460
         Fire Storm        |       |       |       |       |       |       |       |   130 |   316 ||   446
         Necromutation     |       |       |       |       |       |       |       |       |   144 ||   144
         Polar Vortex      |       |       |       |       |       |       |       |       |    65 ||    65
Ability: End Transformatio |       |       |       |       |       |       |       |       |     2 ||     2
  Evoke: Wand              |       |     4 |    17 |     7 |     5 |     3 |     5 |     2 |     8 ||    51
         Box of beasts     |       |       |       |       |       |     1 |     1 |       |       ||     2
         Phantom mirror    |       |       |       |       |       |       |       |     1 |       ||     1
         Lightning rod     |       |       |       |       |       |       |       |       |     1 ||     1
         Phial of floods   |       |       |       |       |       |       |       |       |     1 ||     1
    Use: Scroll            |     1 |     5 |     6 |    15 |     3 |     7 |    12 |     6 |    25 ||    80
         Potion            |       |     1 |     2 |       |     2 |     2 |     3 |     4 |     7 ||    21
   Stab: Confused          |       |     1 |    17 |     2 |       |       |       |       |       ||    20
         Sleeping          |       |     1 |       |       |       |       |       |       |       ||     1
         Paralysed         |       |       |    11 |    18 |       |       |       |       |     2 ||    31
         Invisible         |       |       |       |       |     1 |       |       |       |       ||     1
 Armour: Robe              |    25 |    30 |    59 |    51 |    31 |    22 |     9 |     6 |    86 ||   319
  Dodge: Dodged            |    71 |    62 |   100 |    59 |    37 |    22 |    33 |    21 |   139 ||   544
  Block: Kite shield       |       |       |       |       |       |    34 |    40 |    32 |   209 ||   315
         Reflection        |       |       |       |       |       |     4 |    25 |     5 |     9 ||    43

Table legend: (Time is in decaauts)
 A = Elapsed time spent in this place.
 B = Non-inter-level travel time spent in this place.
 C = Inter-level travel time spent in this place.
 D = Time resting spent in this place.
 E = Time spent auto-exploring this place.
 F = Levels seen in this place.
 G = Mean time per level.
                   A        B        C        D        E       F      G
               +--------+--------+--------+--------+--------+-----+--------+
         Total |  69165 |  61296 |   7869 |  13224 |  30959 |  86 |  804.2 |
       Dungeon |  17837 |  15600 |   2237 |   4489 |   7941 |  15 | 1189.1 |
        Temple |     65 |     55 |     10 |      0 |     35 |   1 |   65.0 |
          Lair |   5439 |   4589 |    850 |    764 |   2878 |   5 | 1087.8 |
        Shoals |   3078 |   2889 |    189 |    801 |   1286 |   4 |  769.5 |
   Spider Nest |   3331 |   3009 |    322 |    737 |   1504 |   4 |  832.8 |
    Slime Pits |   1328 |   1219 |    109 |    242 |    615 |   5 |  265.6 |
  Orcish Mines |   1945 |   1587 |    358 |    282 |    783 |   2 |  972.5 |
   Elven Halls |   2721 |   2530 |    191 |    245 |   1626 |   3 |  907.0 |
        Vaults |   7064 |   6113 |    951 |    957 |   3631 |   5 | 1412.8 |
         Crypt |   3625 |   3200 |    425 |    757 |   1710 |   3 | 1208.3 |
          Tomb |    972 |    876 |     96 |    152 |    458 |   1 |  972.0 |
        Depths |   6333 |   5076 |   1257 |    892 |   2978 |   4 | 1583.2 |
          Hell |    389 |    335 |     54 |      0 |    263 |   1 |  389.0 |
       Gehenna |   1490 |   1320 |    170 |    106 |    425 |   7 |  212.9 |
           Zot |   4791 |   4146 |    645 |   1284 |   1739 |   5 |  958.2 |
         Abyss |   1158 |   1158 |      0 |     92 |    250 |   4 |  289.5 |
   Pandemonium |   6468 |   6468 |      0 |    946 |   2762 |  13 |  497.5 |
        Bazaar |     77 |     77 |      0 |      0 |     36 |   1 |   77.0 |
         Trove |     41 |     41 |      0 |      0 |      0 |   1 |   41.0 |
      Ice Cave |    640 |    640 |      0 |    315 |      0 |   1 |  640.0 |
        Wizlab |    361 |    361 |      0 |    161 |     37 |   1 |  361.0 |
               +--------+--------+--------+--------+--------+-----+--------+

Top non-repeatable levels by time:
     D:9: 1979 daAuts
Depths:4: 1927 daAuts
   Zot:5: 1839 daAuts
    D:11: 1796 daAuts
    D:10: 1782 daAuts
Vaults:5: 1714 daAuts
Depths:2: 1703 daAuts
Vaults:2: 1636 daAuts
Vaults:1: 1511 daAuts
 Crypt:3: 1486 daAuts
  Lair:5: 1427 daAuts
Depths:3: 1398 daAuts
     D:4: 1375 daAuts
  Lair:2: 1367 daAuts
   Orc:2: 1359 daAuts
